Unix NetHack Version 3.7.0-59 Work-in-progress - last build Jun 5 2022 07:06:30 (499eea869b49aadf0d9bfe9a757f046f4740a4be,branch:master). Game began 2022-05-28 07:55:43, ended 2022-06-07 19:20:35. spontiff, neutral male gnomish Healer # ---------------- ----|- ----------- #...............| |....| |.........| #|..............| |....| |.........| #|..............| |....| |.........| ###--|----------.-- ## ####-....| |..........# # ##### ### -#.--- # ----|- #..........|################################ |....-### # #--.--------# ----------- # -----.-- |....| ######### # ########## |.........| -.--- |......| |.*...## ############################ |.........| |...| |......| |....| [ #------) -.---## |.........| |....####-......| ------ # #|....|# |...|## |...---...| #-...| |..@d..| --.---- #|....|# |....####.....#....|###--|-- -------- |*[....##*#|....|# |...| # |...-.-...|# # |....[| ##|....-# |...| # |.........-# |%.(>..####.....| |....####..........| ------- ------ ----- |.........| ----------- Spontiff the Empiric St:18/21 Dx:11 Co:18 In:10 Wi:18 Ch:17 Neutral S:12516 Dlvl:1 $:0 HP:177(187) Pw:25(25) AC:-24 Xp:3/68 T:61744 Latest messages: The ettin mummy misses! What do you want to use or apply? [cfjkostwxzDW or ?*] x Your lamp is now on. The dog picks up a boomerang. What do you want to use or apply? [cfjkostwxzDW or ?*] f K - a cursed scroll of teleportation. What do you want to read? [K or ?*] K As you read the scroll, it disappears. To what level do you want to teleport? 99 Sorry... You materialize on a different level! What do you want to use or apply? [cfjkostwxzDW or ?*] f G - an uncursed ring of levitation. The dog drops a boomerang. What do you want to remove? [ALR or ?*] R You were wearing an uncursed ring called free action (on right hand). What do you want to put on? [tGR or ?*] G You start to float in the air! G - an uncursed ring of levitation (on right hand). What do you want to use or apply? [cfjkostwxzDW or ?*] f K - a cursed scroll of teleportation. You swap places with your dog. What do you want to read? [K or ?*] K As you read the scroll, it disappears. To what level do you want to teleport? 01 You materialize on a different level! What do you want to remove? [AGL or ?*] L You were wearing an uncursed pearl ring (on left hand). What do you want to remove? [AG or ?*] G You were wearing an uncursed ring of levitation (on right hand). You float gently to the floor. What do you want to put on? [tGLR or ?*] R Which ring-finger, Right or Left? [rl] r R - an uncursed ring called free action (on right hand). What do you want to use or apply? [cfjkostwxzDW or ?*] f What do you want to call? [f-hj-lov-xADEGLRW or ?*] L Call a pearl ring: teleport control What do you want to use or apply? [cfjkostwxzDW or ?*] f You cannot stash something you are wearing. You put an uncursed ring called teleport control into the bag called holding. You put an uncursed ring of levitation into the bag called holding. What do you want to use or apply? [cfjkostwxzDW or ?*] f G - an uncursed circular amulet. P - an uncursed hexagonal amulet. B - an uncursed octagonal amulet. What do you want to eat? [binpyO or ?*] O This C-ration is bland. Beware, there will be no return! Still climb? [yn] (n) y Do you want your possessions identified? [ynq] (y) y Do you want to see the dungeon overview? [ynq] (y) y Major events: Turn 1: spontiff the neutral male gnomish Healer entered the dungeon 1563: entered the Gnomish Mines 3118: reached Mine Town 4625: made his first wish - "blessed +2 gray dragon scale mail" 12165: acquired the Mines' End luckstone 19278: killed the Oracle 20067: entered Sokoban 22779: completed sokoban 1 24117: completed sokoban 2 24804: completed sokoban 3 26608: completed sokoban 4 26959: acquired the Sokoban bag of holding 35771: attained the rank of Empiric (level 3) 40294: found Excalibur on the floor 40294: found Mjollnir on the floor 40344: just blew up his bag of holding 60659: entered Gehennom 61744: escaped Inventory: Amulets B - an uncursed amulet of life saving G - an uncursed amulet of magical breathing P - an uncursed amulet of restful sleep A - an uncursed amulet versus poison (being worn) Armor h - a blessed thoroughly rusty +5 orcish helm (being worn) g - a blessed +1 pair of leather gloves (being worn) v - a blessed +3 pair of elven boots (being worn) r - a blessed burnt +1 small shield (being worn) q - an uncursed very burnt +1 robe (being worn) u - an uncursed +1 Hawaiian shirt with a jellyfish motif (being worn) d - a blessed +2 gray dragon scale mail (being worn) Comestibles y - an uncursed apple n - an uncursed food ration b - an uncursed sprig of wolfsbane p - an uncursed tripe ration i - an uncursed lizard corpse Rings R - an uncursed ring of free action (on right hand) Wands D - an uncursed wand of digging (0:2) Tools f - a blessed bag of holding containing 85 items W - a cursed leather drum o - an uncursed magic whistle w - an uncursed mirror x - an uncursed oil lamp (lit) k - an uncursed skeleton key s - an uncursed stethoscope t - an uncursed towel named CoFiPoSl SITy c - a blessed +0 unicorn horn z - an uncursed +0 unicorn horn Gems/Stones E - 4 uncursed rubies l - a blessed luckstone j - an uncursed touchstone Contents of the bag of holding: 955 gold pieces an uncursed +0 bullwhip an uncursed rustproof +6 long sword a cursed -2 helm of brilliance an uncursed +0 pair of jumping boots an uncursed +0 cloak of magic resistance an uncursed +0 mummy wrapping a blessed greased +2 silver dragon scale mail 6 uncursed food rations 4 uncursed K-rations 3 uncursed sprigs of wolfsbane an uncursed tripe ration a blessed tin of chameleon meat 2 uncursed lizard corpses an uncursed scroll of charging a blessed scroll of enchant armor 3 uncursed scrolls of enchant armor 6 uncursed scrolls of genocide an uncursed scroll of identify a blessed scroll of remove curse 7 uncursed scrolls of remove curse a blessed scroll of scare monster 2 uncursed scrolls of stinking cloud 2 blessed scrolls of teleportation an uncursed scroll of teleportation 17 cursed scrolls of teleportation 2 blessed potions of full healing 3 uncursed potions of gain level a cursed potion of gain level 4 uncursed potions of paralysis 13 potions of holy water 2 potions of unholy water an uncursed ring of cold resistance an uncursed ring of conflict an uncursed +3 ring of increase accuracy an uncursed +1 ring of increase damage an uncursed ring of invisibility an uncursed ring of levitation an uncursed ring of levitation an uncursed ring of polymorph an uncursed ring of polymorph control an uncursed ring of regeneration an uncursed ring of stealth an uncursed ring of teleport control an uncursed wand of create monster (0:15) an uncursed wand of create monster (0:11) an uncursed wand of create monster (0:5) an uncursed wand of digging (0:7) an uncursed wand of digging (0:6) an uncursed wand of digging (0:6) an uncursed wand of digging (0:5) an uncursed wand of digging (0:4) an uncursed wand of digging (0:4) an uncursed wand of digging (0:4) an uncursed wand of enlightenment (0:12) an uncursed wand of locking (0:5) an uncursed wand of locking (0:5) an uncursed wand of magic missile (0:8) an uncursed wand of make invisible (0:5) an uncursed wand of make invisible (0:3) an uncursed wand of opening (0:0) an uncursed wand of polymorph (0:4) an uncursed wand of polymorph (0:0) an uncursed wand of slow monster (0:2) an uncursed wand of speed monster (0:7) an uncursed wand of speed monster (0:7) an uncursed wand of speed monster (0:7) an uncursed wand of speed monster (0:4) an uncursed wand of striking (0:6) an uncursed wand of striking (0:5) an uncursed wand of striking (0:4) an uncursed wand of striking (0:0) an uncursed wand of teleportation (0:6) an uncursed wand of teleportation (0:5) an uncursed wand of teleportation (0:4) an uncursed wand of undead turning (0:3) an uncursed wand of wishing (0:2) an uncursed brass lantern an uncursed oil lamp an uncursed +0 pick-axe a blessed tinning kit (0:14) an uncursed +0 unicorn horn an uncursed amethyst stone 5 uncursed emeralds a blessed luckstone Spontiff the Healer's attributes: Background: You were an Empiric, a level 3 male gnomish Healer. You were neutral, on a mission for Hermes who was opposed by Athena (lawful) and Poseidon (chaotic). You were in the Dungeons of Doom, on level 1. You entered the dungeon 61744 turns ago. You had 68 experience points, 12 more were needed to attain level 4. Your score was 12516 before end-of-game adjustments. Basics: You had 177 out of 187 hit points. You had all 25 energy points (spell power). Your armor class was -24. Your wallet was empty. Autopickup was on for '$!/="?' plus thrown, with exceptions. Final Characteristics: Your strength was 18/21 (limit:18/50). Your dexterity was 11 (limit:18). Your constitution was 18 (limit:18). Your intelligence was 10 (limit:19). Your wisdom was 18 (limit:18). Your charisma was 17 (limit:18). Final Status: You were not hungry. You were unencumbered. You were empty handed. You were unskilled in bare handed combat and could have enhanced that. Final Attributes: You were piously aligned. You were magic-protected. You were fire resistant. You were cold resistant. You were sleep resistant. You were poison resistant. You saw invisible. You were telepathic. You had infravision. You were invisible to others. You were stealthy. You had a moderate defense bonus (+9). You were guarded. You were fast. You had free action. You were lucky. You had extra luck. Good luck did not time out for you. You survived. Miscellaneous: You encountered 4 bones levels. Total elapsed playing time was 21 hours, 19 minutes and 10 seconds. Vanquished creatures: a purple worm a silver dragon 2 orange dragons a minotaur an Olog-hai a hell hound a displacer beast 2 titanotheres a guardian naga 8 shopkeepers the Oracle 2 aligned clerics 3 liches 3 nurses 2 lurkers above a frost giant an ettin 3 vampires a lieutenant a watch captain 7 ghosts a queen bee 2 winged gargoyles a mind flayer 4 giant mimics 2 ogre tyrants 3 ice trolls a rock troll a flesh golem an elven monarch a doppelganger 2 large mimics a wumpus 6 stalkers a giant mummy a black naga 4 xorns 2 giant zombies 4 elf-nobles 3 sergeants 2 water demons 3 wargs a winter wolf 11 small mimics 2 warhorses 2 xans 2 ogre leaders 4 quantum mechanics 5 trolls 2 djinn a large dog 2 freezing spheres 2 flaming spheres 2 large cats a gargoyle 4 tengu 2 ochre jellies a leocrotta a mountain centaur a stone giant an elf mummy 2 human mummies 2 red nagas 2 pythons 2 cobras a carnivorous ape 4 ettin zombies a leather golem 31 soldiers 4 watchmen an amorous demon 2 chameleons 2 giant beetles 3 quivering blobs 5 wolves 2 winter wolf cubs 3 lynxes 5 spotted jellies 19 leprechauns 2 orc-captains an iron piercer 6 giant spiders a scorpion 3 horses a black light 2 vampire bats a forest centaur 2 gnome rulers 2 orc mummies 2 dwarf mummies 2 ogres 4 brown puddings 3 rust monsters 4 owlbears a yeti 2 gold golems 8 Green-elves 7 lizards 5 attendants a chickatrice a dingo 3 dogs 2 housecats 2 jaguars 2 dwarf leaders 6 blue jellies 3 white unicorns 2 gray unicorns a black unicorn 4 dust vortices 6 ravens 2 plains centaurs 3 gnome mummies 6 snakes 2 water moccasins 4 apes a human zombie 7 Woodland-elves 8 soldier ants 5 fire ants 7 bugbears 4 imps 8 quasits 4 wood nymphs 9 water nymphs 5 mountain nymphs a Mordor orc 9 Uruk-hai 4 orc shamans 14 rock piercers 9 rock moles 5 ponies 15 fog clouds 14 yellow lights 8 shriekers a violet fungus 12 gnome leaders 4 gnomish wizards 3 kobold mummies a red naga hatchling 2 black naga hatchlings 2 guardian naga hatchlings 12 gray oozes 3 barrow wights 12 elf zombies 3 ghouls 2 straw golems 10 paper golems a baby crocodile 44 giant ants 6 little dogs 19 floating eyes 4 kittens 35 dwarves 15 homunculi 5 kobold leaders 2 kobold shamans 24 hill orcs 27 rothes 11 rabid rats 4 centipedes 11 giant bats 7 monkeys 5 orc zombies 14 dwarf zombies 4 wererats 7 werejackals 26 iguanas 44 killer bees 15 acid blobs 12 coyotes 7 gas spores 13 hobbits 11 manes 7 large kobolds 16 hobgoblins 45 giant rats 16 cave spiders 10 brown molds 10 yellow molds 5 green molds 7 red molds 24 gnomes 13 garter snakes 4 gnome zombies 32 geckos 40 jackals 13 foxes 6 kobolds 19 goblins 9 sewer rats 42 grid bugs 12 bats 33 lichens 5 kobold zombies 34 newts 1316 creatures vanquished. No species were genocided or became extinct. Voluntary challenges: You never hit with a wielded weapon. You read items or engraved 51 times. You never engraved Elbereth. You never genocided any monsters. You never polymorphed an object. You never changed form. You used 1 wish. You did not wish for any artifacts. You did not violate any of the special Sokoban rules. Achievements: You entered a shop. You entered the Gnomish Mines. You entered Minetown. You entered a temple. You completed the Gnomish Mines. You entered Sokoban. You completed Sokoban. You attained the rank of Empiric. You entered Gehennom. The Dungeons of Doom: levels 1 to 29 Level 1: <- You left from here. Level 2: An untended shop. Level 3: An untended shop. Stairs down to The Gnomish Mines. Level 4: An untended shop. Level 5: Level 6: Level 7: An altar. Final resting place for nurdglaw-Arc-Gno-Fem-Neu, killed by a Woodland-elf. Level 8: Oracle of Delphi. Level 9: Stairs up to Sokoban, level 8. Level 10: "Stash" An altar to Hermes. Level 11: An untended shop. Level 12: An altar. Level 13: Level 14: Level 15: Summoned by Hippocrates. Portal to The Quest. Level 16: A primitive area. Level 17: Level 18: Some shops. Final resting place for filthy-Val-Dwa-Fem-Law, petrified by a chickatrice. Level 19: Level 20: Level 21: A temple. Level 22: Level 23: Level 24: Final resting place for MoonPig-Kni-Hum-Mal-Law, killed by an invisible winged gargoyle. Level 25: Level 26: "Titan below" An altar. Level 27: Level 28: "MEDUSA ABOVE" Level 29: The castle. Connection to Gehennom. Gehennom: levels 30 to 49 Level 30: Level 49: The Gnomish Mines: levels 4 to 11 Level 4: Some graves. Final resting place for PetraKelly-Pri-Elf-Fem-Cha, poisoned by a killer bee, PetraKelly-Pri-Elf-Fem-Cha, poisoned by a rabid rat. Level 5: Level 6: Level 7: Many shops, a temple to Hermes. Level 8: "Polytrap" Level 9: "Polytrap under boulder" Level 10: "Polytrap" Level 11: The Quest: Level 1: An altar to Hermes, a throne, a sink. Home. Sokoban: levels 8 up to 5 Level 5: Solved. Level 6: Solved. Level 7: Solved. Level 8: Solved. Goodbye spontiff the Healer... You and the dog escaped from the dungeon with 40241 points, 5 emeralds (worth 12500 zorkmids), 4 rubies (worth 14000 zorkmids), 1 amethyst stone (worth 600 zorkmids), 1 amulet of life saving (worth 150 zorkmids), 1 amulet of restful sleep (worth 150 zorkmids), 1 amulet versus poison (worth 150 zorkmids), 1 amulet of magical breathing (worth 150 zorkmids), and 955 pieces of gold, after 61744 moves. You were level 3 with a maximum of 187 hit points when you escaped.